 Dungeon Crawl Stone Soup version 0.18-a0-1203-gbde16db (webtiles) character file.

86 HrabiaVulpes the Firebug (level 4, -1/24 HPs)
             Began as a Deep Elf Fire Elementalist on Dec 23, 2015.
             Slain by krfreak's ghost (7 damage)
             ... on level 3 of the Dungeon on Feb 1, 2016.
             The game lasted 00:14:59 (2603 turns).

HrabiaVulpes the Firebug (DEFE)                     Turns: 2603, Time: 00:14:59

Health: -1/24      AC:  6    Str:  5    XL:     4   Next: 26%
Magic:  1/11       EV: 13    Int: 21    God:
Gold:   172        SH:  0    Dex: 15    Spells: 3 memorised, 4 levels left

rFire  . . .     SeeInvis .     f - +0 dagger
rCold  . . .     Gourm    .     a - +0 robe
rNeg   . . .     Faith    .     (no shield)
rPois  .         Spirit   .     (no helmet)
rElec  .         Dismiss  .     l - +2 cloak
rCorr  .         Reflect  .     (no gloves)
SustAt .         Harm     .     j - +0 pair of boots
MR     .....                    (no amulet)
Stlth  ++........               (no ring)
                                (no ring)

@: very slightly contaminated, not resistant to hostile enchantments, unstealthy
A: no striking features
a: no special abilities


You were on level 3 of the Dungeon.
You were not hungry.

You visited 1 branch of the dungeon, and saw 3 of its levels.

You collected 172 gold pieces.

Inventory:

Hand Weapons
 f - a +0 dagger (weapon)
Armour
 a - a +0 robe (worn)
 j - a +0 pair of boots (worn)
 l - a +2 cloak (worn)
Scrolls
 n - a scroll of remove curse
Potions
 k - a potion of invisibility
 p - a potion of lignification
Books
 b - a book of Flames

   Spells                             Type                      Level
   a - Flame Tongue                   Conjuration/Fire             1
   b - Throw Flame                    Conjuration/Fire             2
   c - Conjure Flame                  Conjuration/Fire             3
   d - Inner Flame                    Hexes/Fire                   3
   e - Sticky Flame                   Conjuration/Fire             4
   f - Fireball                       Conjuration/Fire             5
Comestibles
 c - 2 bread rations
 d - 2 meat rations
 g - 3 chunks of flesh
 i - a slice of pizza
 m - a beef jerky


   Skills:
 + Level 3.2 Dodging
 - Level 3.4 Stealth
 + Level 3.8 Spellcasting
 * Level 1.7 Conjurations
 + Level 4.1 Fire Magic


You had 4 spell levels left.
You knew the following spells:

 Your Spells              Type           Power        Failure   Level  Hunger
a - Flame Tongue          Conj/Fire      ###..        4%          1    None
b - Throw Flame           Conj/Fire      ###...       8%          2    #......
c - Conjure Flame         Conj/Fire      ###.....     14%         3    ###....


Dungeon Overview and Level Annotations

Branches:
Dungeon (3/15)

Altars:
Nemelex Xobeh

Annotations:
D:3 krfreak's ghost, amateur MfTm


Message History

The flame tongue hits krfreak's ghost.
Krfreak's ghost is almost destroyed.
Krfreak's ghost closely misses you.
Casting: Flame Tongue
Confirm with . or Enter, or press ? or * to list all spells.
Aiming: Flame Tongue
Press: ? - help, Shift-Dir - straight line, f/p - krfreak's ghost
Aim: krfreak's ghost (almost destroyed)
The flame tongue hits krfreak's ghost.
Krfreak's ghost is almost destroyed.
Krfreak's ghost barely misses you.
Casting: Flame Tongue
Confirm with . or Enter, or press ? or * to list all spells.
Aiming: Flame Tongue
Press: ? - help, Shift-Dir - straight line, f/p - krfreak's ghost
Aim: krfreak's ghost (almost destroyed)
You miscast Flame Tongue.
You are very lightly contaminated with residual magic.
The air around you burns with energy! Krfreak's ghost hits you!
You die...

....#....#.#
#.# #
.........#.#
#.#
###........#
###'###
#........#
#.....#
.(.#.#####.#
#.....#
..#.. #.#
#.....# # #.
#.# #.....#
. #W#
#.≈.≈.# .#
#@# ...≈.≈..
#.#
..≈≈8.8§§§
#.#
...§§...§§§
..#
...§§8.8≈§.
####


You could see krfreak's ghost.

Vanquished Creatures
  2 adders
  An ooze (D:1)
  3 worms
  3 giant geckos
  7 bats
  5 giant cockroaches
  5 goblins
  5 hobgoblins
  4 jackals (D:1)
  A quokka (D:1)
  A ball python (D:2)
  3 giant newts
  7 kobolds
  8 rats
55 creatures vanquished.

Notes
Turn   | Place    | Note
--------------------------------------------------------------
     0 | D:1      | HrabiaVulpes the Deep Elf Fire Elementalist began the quest for the Orb.
     0 | D:1      | Reached XP level 1. HP: 10/10 MP: 6/6
   431 | D:1      | Reached XP level 2. HP: 15/15 MP: 5/8
   460 | D:1      | Learned a level 2 spell: Throw Flame
  1143 | D:1      | Reached XP level 3. HP: 19/19 MP: 5/9
  1409 | D:1      | Found a sparkling altar of Nemelex Xobeh.
  1468 | D:1      | Learned a level 3 spell: Conjure Flame
  1889 | D:2      | Reached skill level 4 in Fire Magic
  2007 | D:2      | Reached XP level 4. HP: 24/24 MP: 6/11
  2355 | D:3      | Upgraded the game from 0.18-a0-888-gdb73dea to 0.18-a0-896-g1c42501
  2355 | D:3      | Upgraded the game from 0.18-a0-896-g1c42501 to 0.18-a0-910-g1648204
  2355 | D:3      | Upgraded the game from 0.18-a0-910-g1648204 to 0.18-a0-1203-gbde16db
  2493 | D:3      | Noticed krfreak's ghost (amateur MfTm)
  2603 | D:3      | Slain by krfreak's ghost

Vault maps used:
D:1:      minmay_arrival_arboretum_small, nemelex_diamond_rough_becter
D:2:      lightli_corner_chamber
D:3:      kennysheep_minor_cross, minmay_distorted

Action                   |  1- 3 |  4- 6 || total
-------------------------+-------+-------++-------
Melee: Dagger            |       |     5 ||     5
 Cast: Flame Tongue      |    56 |    21 ||    77
       Throw Flame       |    14 |    12 ||    26
       Conjure Flame     |       |     1 ||     1
  Use: Scroll            |     2 |     3 ||     5
       Potion            |       |     3 ||     3
  Eat: Chunk             |     4 |     2 ||     6
